 Dungeon Crawl Stone Soup version 0.31-a0-75-g6fe912e8c5 (webtiles) character file.

Game seed: 12035670867213732727

1375 NogeeEf the Covered (level 8, -1/64 HPs)
             Began as a Human Fighter on May 23, 2023.
             Was an Initiate of Yredelemnul.
             Killed from afar by an electric eel (5 damage)
             ... with a bolt of electricity
             ... on level 6 of the Dungeon on May 24, 2023.
             The game lasted 00:24:34 (4542 turns).

NogeeEf the Covered (Human Fighter)                 Turns: 4542, Time: 00:24:36

Health: -1/64      AC: 23    Str: 20    XL:     8   Next: 98%
Magic:  8/8        EV:  6    Int:  9    God:    Yredelemnul [......]
Gold:   257        SH:  5    Dex: 13    Spells: 7/7 levels left

rFire   + . .        H - +5 flail (protect)
rCold   . . .        c - +0 buckler
rNeg    . . .        k - +0 plate armour
rPois   +            (no helmet)
rElec   .            C - +0 cloak
rCorr   .            A - +0 pair of gloves of the Guild-Master {rF+ Will+ Str+2}
SInv    .            v - +0 pair of boots
Will    ++...        (no amulet) Stlth
                     w - ring of willpower
HPRegen 0.30/turn    h - ring of poison resistance
MPRegen 0.11/turn

%: no passive effects
@: under a protective aura
A: no striking features
a: Renounce Religion, Recall Undead Harvest


You were on level 6 of the Dungeon.
You worshipped Yredelemnul.
Yredelemnul was noncommittal.
You visited 1 branch of the dungeon, and saw 6 of its levels.

You collected 257 gold pieces.

Inventory:

Hand Weapons
 a - a +0 long sword
 g - a +3 rapier of speed
 B - a +4 short sword of speed
 H - a +5 flail of protection (weapon)
 J - a +2 flail of draining
Missiles
 I - a boomerang of dispersal (quivered)
Armour
 c - a +0 buckler (worn)
 k - a +0 plate armour (worn)
 v - a +0 pair of boots (worn)
 A - the +0 pair of gloves of the Guild-Master (worn) {rF+ Will+ Str+2}
   (You found it on level 4 of the Dungeon)

   Str:       It affects your strength (+2).
   rF:        It protects you from fire.
   Will:      It increases your willpower.
 C - a +0 cloak (worn)
Magical Staves
 o - a staff of cold
Jewellery
 h - a ring of poison resistance (right hand)
 w - a ring of willpower (left hand)
 y - a ring of positive energy
Wands
 i - a wand of flame (20)
 G - a wand of paralysis (2)
Scrolls
 b - a scroll of immolation {unknown}
 e - 2 scrolls of teleportation {unknown}
 f - a scroll of fear {unknown}
 n - 7 scrolls of identify {unknown}
 q - a scroll of brand weapon {unknown}
 r - a scroll of amnesia {unknown}
 s - a scroll of noise {unknown}
 u - 3 scrolls of enchant armour {unknown}
 D - a scroll of butterflies {unknown}
 E - a scroll of poison {unknown}
 F - a scroll of enchant weapon {unknown}
Potions
 d - 3 potions of might
 j - a potion of ambrosia {unknown}
 l - a potion of haste
 m - a potion of heal wounds {unknown}
 p - a potion of brilliance {unknown}
 t - 2 potions of curing
 x - a potion of berserk rage {unknown}
 z - 2 potions of degeneration {unknown}


   Skills:
 + Level 5.9 Fighting
 + Level 5.4 Long Blades
 + Level 6.0 Armour
 + Level 6.0 Shields


You had 7 spell levels left.
You didn't know any spells.
Your spell library contained the following spells:

 Spells                   Type           Power      Damage    Failure   Level
 Slow                     Hex            0%         N/A       100%        1
 Confusing Touch          Hex            0%         N/A       100%        3
 Hailstorm                Conj/Ice       0%         3d3       100%        3
 Vampiric Draining        Necr           0%         2d6       100%        3
 Ice Form                 Ice/Tmut       0%         N/A       100%        4
 Simulacrum               Ice/Necr       Unusable   N/A       N/A         6

Dungeon Overview and Level Annotations

Branches:
Dungeon (6/15)
 Temple: D:4-7

Altars:
Elyvilon
Qazlal
Vehumet
Yredelemnul
Zin

Shops:
D:4 =[!


Message History

The electric eel shoots out a bolt of lightning at you!
The bolt of electricity hits you.
The electric eel shoots out a bolt of lightning at you!
The bolt of electricity hits you!
The electric eel shoots out a bolt of lightning at you!
The bolt of electricity misses you.
Found a runed hand axe.
The electric eel shoots out a bolt of lightning at you!
The bolt of electricity hits you.
The electric eel shoots out a bolt of lightning at you!
The bolt of electricity hits you.
The electric eel shoots out a bolt of lightning at you!
The bolt of electricity hits you!
The electric eel shoots out a bolt of lightning at you!
The bolt of electricity hits you!
* * * LOW HITPOINT WARNING * * *
A sleepcap comes into view.
The electric eel shoots out a bolt of lightning at you!
The bolt of electricity hits you.
* * * LOW HITPOINT WARNING * * *
The electric eel shoots out a bolt of lightning at you!
The bolt of electricity hits you.
* * * LOW HITPOINT WARNING * * *
The electric eel shoots out a bolt of lightning at you!
The bolt of electricity hits the plant!
The plant begins to die.
The bolt of electricity hits you.
* * * LOW HITPOINT WARNING * * *
You hit the sleepcap.
Your weapon exudes an aura of protection.
The sleepcap is lightly damaged.
The sleepcap releases spores at you.
* * * LOW HITPOINT WARNING * * *
You hit the sleepcap.
The sleepcap is moderately damaged.
You block the sleepcap's attack.
The sleepcap releases spores at you but does no damage.
The electric eel shoots out a bolt of lightning at you!
The bolt of electricity hits the plant!
The bolt of electricity hits you.
You die...
Your body rises from the dead as a mindless zombie.

~~≈≈≈≈≈≈≈≈≈≈≈≈≈≈ #
≈≈≈≈≈≈S~~~≈≈≈# #
≈~~PP~~~~..#### #
.)~.P.P.......########
......................
# ##..........#)####.
#.##.##...######)#.#
#.. ........#.#
#.#.###.. #.....f@..#
#........ #.##.######
####.####. # ..#
#....# #. #.# #.####
#. #.# ###Z#######.
#.# #...Z.Z.....
####.######.#.###.....
#........##.#.# #Z####
####.###....#.# #.#


You could see a sleepcap and an electric eel.

Vanquished Creatures
  Pikel (D:5)
  Eustachio (D:5)
  An orc warrior (D:6)
  A bullfrog (D:6)
  4 hounds
  A jelly (D:4)
  2 orc priests
  Natasha (thrice) (D:3)
  An orc wizard (D:5)
  5 adders
  4 worms
  13 orcs
  5 endoplasms
  3 giant cockroaches
  2 goblins (D:1)
  6 hobgoblins
  6 jackals
  6 kobolds
  6 quokkas
  10 ball pythons
  5 bats
  4 frilled lizards
  3 rats
93 creatures vanquished.

Vanquished Creatures (collateral kills)
  Edmund (D:5)
  2 iguanas
  A dart slug (D:4)
  A bat (D:2)
  2 endoplasms
  A goblin (D:2)
  A kobold (D:1)
  3 quokkas
  2 ball pythons
  3 frilled lizards
  2 rats
19 creatures vanquished.

Vanquished Creatures (others)
  2 hound zombies
  An adder zombie (D:6)
  2 bat zombies (D:2)
  A ball python zombie (D:3)
  A hobgoblin zombie (D:3)
  A jackal zombie (D:1)
  2 kobold zombies
  8 orc zombies
  2 quokka zombies (D:3)
20 creatures vanquished.

Grand Total: 132 creatures vanquished

Notes
Turn   | Place    | Note
-------+----------+-------------------------------------------
     0 | D:1      | NogeeEf the Human Fighter began the quest for the Orb.
     0 | D:1      | Reached XP level 1. HP: 18/18 MP: 1/1
     9 | D:1      | Found a faded altar of an unknown god.
    36 | D:1      | Prayed at the altar of an unknown god.
    36 | D:1      | Became a worshipper of Yredelemnul the Dark
    36 | D:1      | Reached * piety under Yredelemnul
    53 | D:1      | Reached XP level 2. HP: 23/24 MP: 2/2
   220 | D:2      | Reached XP level 3. HP: 29/29 MP: 3/3
   503 | D:2      | Reached XP level 4. HP: 28/35 MP: 4/4
   513 | D:2      | Reached ** piety under Yredelemnul
  1544 | D:3      | Reached XP level 5. HP: 32/42 MP: 5/5
  2068 | D:3      | Noticed Natasha
  2078 | D:3      | Killed Natasha
  2087 | D:3      | Found a radiant altar of Vehumet.
  2089 | D:3      | Found a glowing silver altar of Zin.
  2103 | D:3      | Noticed Natasha
  2112 | D:3      | Killed Natasha
  2223 | D:3      | Noticed Natasha
  2235 | D:3      | Killed Natasha
  2236 | D:3      | Reached XP level 6. HP: 47/48 MP: 6/6
  2249 | D:3      | You fall into a shaft and drop 1 floor!
  2249 | D:4      | Found Wuteotu's Distillery.
  2337 | D:4      | Identified the +0 pair of gloves of the Guild-Master {rF+
                  | Will+ Str+2}
  2482 | D:4      | Found Bimoykaf's Antique Armour Shop.
  2573 | D:4      | Found a white marble altar of Elyvilon.
  2970 | D:4      | Found a stormy altar of Qazlal.
  3020 | D:4      | Found Eminler's Jewellery Shop.
  3161 | D:5      | Entered Level 5 of the Dungeon
  3345 | D:5      | Noticed Pikel
  3372 | D:5      | Killed Pikel
  3373 | D:5      | Reached skill level 5 in Fighting
  3373 | D:5      | Reached skill level 5 in Armour
  3373 | D:5      | Reached skill level 5 in Shields
  3373 | D:5      | Reached XP level 7. HP: 52/56 MP: 7/7
  3373 | D:5      | Reached XP level 8. HP: 58/62 MP: 8/8
  3535 | D:5      | Noticed Edmund
  3574 | D:5      | Killed Edmund
  3800 | D:5      | Noticed Eustachio
  3855 | D:5      | Killed Eustachio
  3856 | D:5      | Reached skill level 5 in Long Blades
  4541 | D:6      | HP: 3/64 [sleepcap (2)]
  4542 | D:6      | Killed from afar by an electric eel

Illustrated notes

Levels and vault maps discovered:
D:1:      wander_arrival_desolate, layout_rooms, basic_ecumenical_altar,
          minmay_bisected
D:2:      layout_rooms, serial_bayou, serial_bayou_crossing,
          serial_bayou_pond_d, serial_bayou_lagoon_a, serial_bayou_shore_a,
          minmay_split_cup_large
D:3:      layout_basic, chequers_temple_overflow_statue_of_worship,
          kennysheep_generic_room_12, uniq_natasha
D:4:      layout_cave_pods, mainiacjoe_overflow_big_doors, serial_shops,
          nicolae_shop_industrial_runoff, nicolae_shop_window_shopping,
          nicolae_shop_overgrown_old_shop, kennysheep_generic_room_8
D:5:      layout_loops_ring, uniq_edmund, uniq_pikel, uniq_eustachio
D:6:      minmay_general_purpose_star, layout_loops_ring,
          mainiacjoe_overflow_paths, temple_hall, ebering_ghost_rock_garden,
          chequers_big_river, nicolae_shop_i_like_big_books, sigmund_army

Skill      XL: |  1  2  3  4  5  6  7  8 |
---------------+-------------------------+-----
Long Blades    | 3 4 5 |  5.4
Armour         | 4 5 6 |  6.0
Fighting       | 4 5 |  5.9
Shields        | 4 5 6 |  6.0

Action                     |  1- 3 |  4- 6 |  7- 9 || total
---------------------------+-------+-------+-------++-------
  Melee: Long sword        |    19 |       |       ||    19
         Rapier            |    51 |   223 |    40 ||   314
         Flail             |       |       |    55 ||    55
  Evoke: Wand              |       |     3 |       ||     3
    Use: Potion            |       |       |     1 ||     1
   Stab: Distracted        |     1 |       |       ||     1
 Armour: Scale mail        |    25 |       |       ||    25
         Plate armour      |    16 |   103 |    67 ||   186
  Dodge: Dodged            |    28 |    36 |    29 ||    93
  Block: Buckler           |    14 |    22 |    22 ||    58

Table legend: (Time is in decaauts)
 A = Elapsed time spent in this place.
 B = Non-inter-level travel time spent in this place.
 C = Inter-level travel time spent in this place.
 D = Time resting spent in this place.
 E = Time spent auto-exploring this place.
 F = Levels seen in this place.
 G = Mean time per level.
                   A        B        C        D        E       F      G
               +--------+--------+--------+--------+--------+-----+--------+
         Total |   4511 |   4223 |    288 |    589 |   2162 |   6 |  751.8 |
       Dungeon |   4511 |   4223 |    288 |    589 |   2162 |   6 |  751.8 |
               +--------+--------+--------+--------+--------+-----+--------+

Top non-repeatable levels by time:
     D:4: 1075 daAuts
     D:3: 1010 daAuts
     D:5: 777 daAuts
     D:2: 758 daAuts
     D:1: 481 daAuts
     D:6: 408 daAuts
